AoeStats
← Hector

Black Forest

510129973Analyzed
2v2 RM · 2d ago on Sep 29, 2026· 20m 6s· 4 players
Game mode
Random Map
Map size
Medium (4 player)
Population
200
Speed
Normal
Resources
Standard
Victory
Conquest
Starting age
Dark Age
Ending age
Imperial Age
RankedLock teamsTeams togetherTeam positionsShared explorationLock speedFull tech treeHidden civsTurbo modeCheats
Victory
Defeat
🇦🇹 Magyars · Austria
1480
+14
🇦🇹 Burgundians · Austria
1428
+17
🇺🇦 Huns · Ukraine
1447
-16
🇨🇴 Georgians · Colombia
1439
-15
Audi_13
1:07 Loom
13:00 Feudal Age
15:29 Fletching
21:32 Castle Age
ivandario67
10:53 Feudal Age
11:56 Feudal Age
12:17 Man-at-Arms
12:43 Arson
12:59 Double-Bit Axe
16:50 Horse Collar
22:35 Castle Age
DeadlyEfficiency
1:04 Loom
12:13 Feudal Age
17:13 Castle Age
15:49 Fletching
18:56 Double-Bit Axe
19:21 Scale Barding Armor
20:05 Bow Saw
Hector
0:42 Loom
16:13 Feudal Age
22:22 Castle Age
20:21 Double-Bit Axe
Connection lost

Rejoining the realm…

Still unreachable

The connection could not be restored.

Session expired

The server has moved on; the page needs a fresh start.